 Dungeon Crawl Stone Soup version 0.18.1-48-g4cf74bf (webtiles) character file.

14261 Iskender the Summoner (level 12, 66/66 HPs)
             Began as an Octopode Summoner on Sept 7, 2016.
             Was an Initiate of Gozag.
             Quit the game on level 4 of the Lair of Beasts.
             The game lasted 02:26:50 (18696 turns).

Iskender the Summoner (Octopode Summoner)          Turns: 18696, Time: 02:26:50

Health: 66/66      AC:  1    Str:  7    XL:     12   Next: 14%
Magic:  24/24      EV: 16    Int: 22    God:    Gozag
Gold:   2499       SH:  8    Dex: 15    Spells: 6 memorised, 3 levels left

rFire  . . .     SeeInvis .     a - +2 whip (elec)
rCold  . . .     Gourm    .     p - +3 buckler
rNeg   . . .     Faith    .     (helmet restricted)
rPois  +         Spirit   .     (no amulet)
rElec  .         Dismiss  .     w - ring of wizardry
rCorr  .         Reflect  .     t - ring of poison resistance
SustAt .         Harm     .     (no ring)
MR     .....                    M - +2 ring of intelligence
Stlth  +++++++...               (no ring)
                                (no ring)
                                (no ring)
                                (no ring)

@: not resistant to hostile enchantments, extremely stealthy
A: almost no armour, amphibious, 8 rings, constrict 8, camouflage 1, gelatinous
body 1
a: Potion Petition, Call Merchant, Bribe Branch, Renounce Religion


You were on level 4 of the Lair of Beasts.
You worshipped Gozag.
Gozag was noncommittal.
You were not hungry.

You visited 3 branches of the dungeon, and saw 16 of its levels.
You also visited: Sewer.

You collected 2892 gold pieces.
You spent 240 gold pieces at shops.
You paid 153 gold pieces to Gozag.

Inventory:

Hand Weapons
 a - a +2 whip of electrocution (weapon)
 b - a +0 hunting sling
 v - a +0 blowgun
 A - a +0 dagger of protection
 P - the +1 whip "Asaodwirchu" {elec, rC+ MR+ MP-9 Str+2}
   (You found it on level 6 of the Dungeon)

   Occasionally, upon striking a foe, it will discharge some electrical energy
   and cause terrible harm.
   It affects your strength (+2).
   It protects you from cold.
   It affects your resistance to hostile enchantments.
   It affects your magic capacity (-9).
Missiles
 d - 157 stones (quivered)
 g - 95 poisoned needles
 u - 128 sling bullets
 L - a throwing net
Armour
 p - a +3 buckler (worn)
Jewellery
 c - an uncursed ring of ice
 t - a ring of poison resistance (right tentacle)
 w - a ring of wizardry (left tentacle)
 M - a +2 ring of intelligence (on tentacle)
 N - an uncursed amulet of dismissal
 T - an uncursed amulet of guardian spirit
 W - an uncursed ring of ice
Wands
 k - a wand of acid (7/15)
 r - a wand of lightning (9/15)
 G - a wand of acid (4/15)
 K - a wand of paralysis (14/24)
 V - a wand of lightning (10/15)
Scrolls
 e - a scroll of amnesia
 h - 2 scrolls of immolation
 i - a scroll of fog
 l - 2 scrolls of remove curse
 n - 2 scrolls of identify
 o - 5 scrolls of recharging
 q - 7 scrolls of teleportation
 y - a scroll of brand weapon
 z - 2 scrolls of blinking
 Q - 4 scrolls of magic mapping
 R - a scroll of vulnerability
 X - 2 scrolls of fear
 Y - a scroll of enchant armour
Potions
 m - a potion of resistance
 s - a potion of cancellation
 x - a potion of flight
 B - 3 potions of might
 D - 4 potions of curing
 E - 2 potions of agility
 I - 5 potions of cure mutation
 O - a potion of berserk rage
 U - a potion of haste
Books
 F - a book of Enchantments

   Spells                             Type                      Level
   a - Cause Fear                     Hexes                        4
   b - Yara's Violent Unravelling     Hexes/Transmutation          5
   c - Silence                        Hexes/Air                    5
   d - Deflect Missiles               Charms/Air                   6
   e - Haste                          Charms                       6
   f - Discord                        Hexes                        8
 H - a book of Dreams

   Spells                             Type                      Level
   a - Ensorcelled Hibernation        Hexes/Ice                    2
   b - Silence                        Hexes/Air                    5
   c - Darkness                       Hexes                        6
   d - Shadow Creatures               Summoning                    6
 J - a book of Debilitation

   Spells                             Type                      Level
   a - Corona                         Hexes                        1
   b - Slow                           Hexes                        2
   c - Gell's Gravitas                Hexes/Translocation          3
   d - Inner Flame                    Hexes/Fire                   3
   e - Cause Fear                     Hexes                        4
   f - Leda's Liquefaction            Hexes/Earth                  4
Comestibles
 f - 4 bread rations
 j - 8 meat rations


   Skills:
 - Level 6.6 Dodging
 - Level 10.9 Stealth
 - Level 4.0 Shields
 - Level 8.1 Spellcasting
 + Level 7.5 Charms
 - Level 12.0 Summonings


You had 3 spell levels left.
You knew the following spells:

 Your Spells              Type           Power        Failure   Level  Hunger
a - Call Imp              Summ           ######..     1%          2    None
d - Shadow Creatures      Summ           N/A          4%          6    ######.
i - Call Canine Familiar  Summ           ######..     1%          3    None
H - Haste                 Chrm           #####...     26%         6    ######.
X - Summon Lightning Spi  Summ/Air       #####...     3%          4    ###....
Z - Summon Guardian Gole  Hex/Summ       #####...     1%          3    None


Dungeon Overview and Level Annotations

Branches:
Dungeon (11/15)            Temple (1/1) D:7            Lair (4/8) D:8
  Snake (0/4) Lair:3
  Swamp: Lair:3-6    Shoals: Lair:3-6       Orc: D:9-12

Altars:
Ashenzari
Cheibriados
Dithmenos
Elyvilon
Fedhas
Gozag
Kikubaaqudgha
Makhleb
Nemelex Xobeh
Okawaru
Pakellas
Qazlal
Ru
Sif Muna
Trog
Vehumet
Xom
Yredelemnul
Zin
The Shining One

Shops:
D:4 %   D:5 *=}([   D:6 (

Annotations:
D:11 Erolcha
Lair:4 Maud


Innate Abilities, Weirdness & Mutations

You cannot wear most types of armour.
You are amphibious.
You can wear up to eight rings at the same time.
You can use your tentacles to constrict eight enemies at once.
Your skin changes colour to match your surroundings (Stealth).
Your rubbery body absorbs attacks (AC +1).


Message History

The griffon is severely wounded.
Your warg closely misses the griffon.
The griffon barely misses you. x2
The griffon claws you.
You hit the griffon but do no damage. Your squeeze misses the griffon.
The griffon is severely wounded.
Your warg bites the griffon!
The griffon bites you!!
* * * LOW HITPOINT WARNING * * *
The griffon closely misses you. x2
Your warg bites the griffon but does no damage.
You hit the griffon.
You kill the griffon!
You now have 2494 gold pieces (gained 18).
You now have 2499 gold pieces (gained 5).
There is a stone staircase leading up here.
You start resting.
Magic restored.
You start resting.
Your warg disappears in a puff of smoke!
HP restored.
Are you sure you want to abandon this character and quit the game? (Confirm with "yes".)

######...# #.....# ####
##........#### #.#..#####
#.........#.P##.#....#P.#
#..........<..##........##
##........###.##.........#
##........##P.##..........
#.<.......##P..#>........#
##........###...........##
#.........##...@........#
#.........##.#.........P#
#..#...#.######........##
#####..### ##.##.#.##
#....# #.# ## # ####.#####
#.# .........# P.#
............ ...
.........P#P ##.#


There were no monsters in sight!

Vanquished Creatures
  A griffon (Lair:4)
  A torpor snail (Lair:3)
  2 spiny frogs
  A rime drake (Lair:3)
  A polar bear (Lair:3)
  Grinder (D:6)
  A two-headed ogre (D:8)
  A blink frog (Lair:1)
  4 yaks
  A basilisk (Lair:3)
  2 hippogriffs (Lair:3)
  Edmund (D:4)
  A swamp worm (Lair:3)
  7 water moccasins
  2 orc warriors
  A porcupine (Lair:1)
  A sky beast (D:7)
  An ice beast (D:5)
  An ogre (D:6)
  A necrophage (D:8)
  A wolf (Lair:3)
  2 crocodiles
  9 big kobolds
  3 giant frogs
  3 scorpions
  2 killer bees
  11 howler monkeys
  2 wights (D:7)
  6 crimson imps
  2 giant frog zombies
  3 centaur zombies
  3 hounds
  3 orc wizards
  An orc priest (D:8)
  A centaur skeleton (D:5)
  Natasha (D:4)
  4 giant frog skeletons
  5 iguanas
  4 worker ants
  A killer bee zombie (D:10)
  3 sheep (Lair:3)
  A hound skeleton (D:8)
  5 gnolls
  14 adders
  A howler monkey skeleton (D:8)
  18 river rats
  A shadow imp (D:7)
  3 oozes
  An adder skeleton (D:5)
  2 adder zombies
  10 worms
  A dart slug (D:1)
  A giant gecko (D:7)
  23 orcs
  4 ball pythons
  4 giant cockroaches
  6 goblins
  6 hobgoblins
  13 jackals
  6 quokkas
  12 bats
  2 giant newts
  21 kobolds
  12 rats
  A bush (D:2)
  A fungus (D:8)
271 creatures vanquished.

Vanquished Creatures (collateral kills)
  A hydra (Lair:1)
  A hill giant (D:11)
  An ugly thing (D:11)
  A black mamba (Lair:2)
  2 spiny frogs (Lair:1)
  7 komodo dragons
  2 blink frogs (Lair:1)
  12 yaks
  4 hippogriffs
  2 basilisks
  Menkaure (D:7)
  2 nagas (Lair:3)
  4 swamp worms (Lair:3)
  2 water moccasins
  2 ice beasts
  A necrophage (D:3)
  2 phantoms
  2 black bears
  4 ogres
  5 wolves (Lair:3)
  5 centaurs
  3 crocodiles
  7 giant frogs
  9 big kobolds
  Dowan (D:6)
  10 killer bees
  A scorpion (D:8)
  3 wights (D:7)
  2 howler monkeys (D:11)
  A crimson imp (D:11)
  A jelly (D:8)
  2 centaur zombies (D:6)
  2 orc priests
  A gnoll shaman (D:5)
  3 iguanas
  Natasha (twice) (D:4)
  6 orc wizards
  5 worker ants
  A killer bee zombie (D:11)
  5 sheep (Lair:3)
  A worker ant zombie (D:8)
  4 adders
  3 gnolls
  A howler monkey skeleton (D:7)
  18 river rats
  2 shadow imps
  An adder zombie (D:7)
  9 worms
  11 orcs
  A goblin (D:1)
  2 jackals (D:9)
  16 kobolds
  A quokka (D:4)
  A giant newt (D:5)
  A rat (D:1)
  2 fungi (D:8)
202 creatures vanquished.

Vanquished Creatures (others)
  Duvessa (D:6)
  A worker ant (D:7)
  An orc (D:7)
  A jackal (D:7)
  11 fungi
  9 plants
24 creatures vanquished.

Grand Total: 497 creatures vanquished

Notes
Turn   | Place    | Note
--------------------------------------------------------------
     0 | D:1      | Iskender the Octopode Summoner began the quest for the Orb.
     0 | D:1      | Reached XP level 1. HP: 11/11 MP: 3/3
   107 | D:1      | Reached XP level 2. HP: 12/17 MP: 3/5
   114 | D:1      | Learned a level 2 spell: Call Imp
   679 | D:1      | Reached XP level 3. HP: 14/21 MP: 6/6
   684 | D:1      | Learned a level 3 spell: Call Canine Familiar
  1143 | D:2      | Found a sparkling altar of Nemelex Xobeh.
  1306 | D:2      | Reached skill level 1 in Shields
  1963 | D:3      | Noticed a necrophage
  2014 | D:3      | Killed a necrophage
  2014 | D:3      | Reached skill level 5 in Summonings
  2014 | D:3      | Reached XP level 4. HP: 27/27 MP: 3/7
  2098 | D:3      | Reached XP level 5. HP: 31/31 MP: 8/8
  2720 | D:4      | Found a glowing drain.
  2731 | Sewer    | Entered a sewer
  2983 | Sewer    | Reached XP level 6. HP: 36/36 MP: 5/9
  3405 | Sewer    | Reached skill level 6 in Summonings
  3743 | Sewer    | Reached XP level 7. HP: 29/41 MP: 4/10
  3862 | D:4      | Noticed Edmund
  4061 | D:4      | HP: 1/41 [Edmund/flail of protection (4)]
  4064 | D:4      | Killed Edmund
  4064 | D:4      | Reached skill level 7 in Summonings
  4208 | D:4      | Learned a level 3 spell: Summon Guardian Golem
  4649 | D:4      | Found Noluuk's Food Boutique.
  4661 | D:4      | Noticed Natasha
  4669 | D:4      | Killed Natasha
  4977 | D:4      | Noticed Natasha
  4986 | D:4      | Killed Natasha
  4986 | D:4      | Reached skill level 8 in Summonings
  5002 | D:4      | Noticed Natasha
  5008 | D:4      | Killed Natasha
  5049 | D:5      | Entered Level 5 of the Dungeon
  5250 | D:5      | Found Zivaadd's Jewellery Shop.
  5459 | D:4      | Reached XP level 8. HP: 43/46 MP: 11/11
  5466 | D:5      | Found Jaegh's Weapon Boutique.
  5527 | D:5      | Found Deklenik's Armour Shop.
  5760 | D:5      | Found Jilof's Assorted Antiques.
  5795 | D:5      | Reached skill level 9 in Summonings
  5823 | D:5      | Bought a scroll of identify for 60 gold pieces
  5823 | D:5      | Bought a scroll of teleportation for 90 gold pieces
  5823 | D:5      | Bought a scroll of teleportation for 90 gold pieces
  6051 | D:5      | Found Deotu's Gadget Boutique.
  6589 | D:6      | Noticed Dowan
  6590 | D:6      | Noticed Duvessa
  6615 | D:6      | Killed Duvessa
  6615 | D:6      | Reached skill level 10 in Summonings
  6768 | D:6      | Noticed Grinder
  6801 | D:6      | Found Wosus's Antique Weapon Shoppe.
  6841 | D:6      | Learned a level 4 spell: Summon Lightning Spire
  6956 | D:6      | Found a burning altar of Makhleb.
  6966 | D:6      | Got an iridescent whip
  6969 | D:6      | Identified the cursed +1 whip "Asaodwirchu" {elec, rC+ MR+ MP-9 Str+2} (You found it on level 6 of the Dungeon)
  6984 | D:6      | Found a glowing golden altar of the Shining One.
  7014 | D:6      | Paralysed by Grinder for 6 turns
  7032 | D:6      | Killed Grinder
  7032 | D:6      | Reached XP level 9. HP: 21/51 MP: 3/13
  7155 | D:6      | Found a white marble altar of Elyvilon.
  7396 | D:6      | Killed Dowan
  7474 | D:6      | Reached skill level 11 in Summonings
  7499 | D:6      | HP: 3/76 [poisoned by a worker ant]
  7507 | D:6      | HP: 3/76 [poisoned by a worker ant]
  8103 | D:7      | Noticed Menkaure
  8756 | D:7      | Reached skill level 12 in Summonings
  8798 | D:7      | Found a staircase to the Ecumenical Temple.
  8809 | Temple   | Entered the Ecumenical Temple
  9055 | Temple   | Became a worshipper of Gozag Ym Sagoz the Greedy
  9164 | D:7      | Killed Menkaure
  9178 | D:7      | Found a shimmering altar of Xom.
  9673 | D:6      | Found a shattered altar of Ashenzari.
  9721 | D:8      | Noticed a two-headed ogre
  9733 | D:8      | Killed a two-headed ogre
  9733 | D:8      | Reached skill level 5 in Spellcasting
  9922 | D:8      | Found a snail-covered altar of Cheibriados.
  9925 | D:8      | Reached XP level 10. HP: 41/56 MP: 18/18
 10060 | D:8      | Found a staircase to the Lair.
 10118 | Lair:1   | Entered Level 1 of the Lair of Beasts
 10149 | Lair:1   | Learned a level 6 spell: Shadow Creatures
 10458 | Lair:1   | Noticed a six-headed hydra
 10515 | Lair:1   | Reached skill level 5 in Stealth
 11033 | Lair:1   | Noticed a spiny frog
 11045 | Lair:1   | Killed a spiny frog
 11296 | Lair:1   | Noticed a spiny frog
 11502 | Lair:1   | Killed a spiny frog
 11920 | Lair:1   | Killed a six-headed hydra
 12113 | Lair:1   | Noticed a spiny frog
 12125 | Lair:1   | Killed a spiny frog
 12449 | Lair:2   | Noticed a spiny frog
 12459 | Lair:2   | Killed a spiny frog
 12459 | Lair:2   | Reached skill level 5 in Dodging
 12459 | Lair:2   | Reached XP level 11. HP: 38/61 MP: 19/22
 13540 | Lair:3   | Found a staircase to the Snake Pit.
 13666 | Lair:3   | Reached skill level 10 in Stealth
 14782 | Lair:3   | Learned a level 6 spell: Haste
 14886 | D:8      | Reached skill level 1 in Charms
 15416 | D:9      | Found an iron altar of Okawaru.
 16299 | D:10     | Entered Level 10 of the Dungeon
 16989 | D:11     | Noticed a hill giant
 16997 | D:11     | Killed a hill giant
 17001 | D:11     | Reached skill level 5 in Charms
 17036 | D:11     | Noticed a red ugly thing
 17601 | D:11     | Noticed a brown ugly thing
 17633 | D:11     | Reached XP level 12. HP: 44/66 MP: 20/24
 17797 | D:11     | Noticed Erolcha
 18085 | Lair:4   | Noticed a death yak
 18085 | Lair:4   | Noticed a death yak
 18086 | Lair:4   | Noticed a death yak
 18086 | Lair:4   | Noticed a death yak
 18087 | Lair:4   | Noticed a death yak
 18088 | Lair:4   | Noticed a death yak
 18375 | Lair:4   | Noticed Maud
 18696 | Lair:4   | Quit the game

Skill      XL: |  1  2  3  4  5  6  7  8  9 10 11 12 |
---------------+-------------------------------------+-----
Stealth        | 3 4 8 10 | 10.9
Shields        | 2 3 4 |  4.0
Summonings     | 5 6 8 10 12 | 12.0
Spellcasting   | 3 5 7 8 |  8.1
Dodging        | 5 6 |  6.6
Charms         | 6 7 |  7.5

Action                   |  1- 3 |  4- 6 |  7- 9 | 10-12 || total
-------------------------+-------+-------+-------+-------++-------
Melee: Unarmed           |    53 |       |       |       ||    53
       Constrict         |    23 |    16 |    84 |   121 ||   244
       Tentacles         |    39 |     9 |    85 |   106 ||   239
       Spear             |   197 |   113 |   152 |    26 ||   488
       Dagger            |       |       |   349 |   344 ||   693
       Whip              |       |       |       |   120 ||   120
       Flail             |       |       |       |    24 ||    24
 Fire: Hunting sling     |     8 |    99 |     1 |     9 ||   117
       Blowgun           |       |       |    31 |       ||    31
Throw: Stone             |    19 |     9 |     3 |     3 ||    34
 Cast: Summon Small Mamm |     2 |       |       |       ||     2
       Call Imp          |     1 |     5 |     9 |     4 ||    19
       Call Canine Famil |     4 |    12 |    43 |    59 ||   118
       Summon Guardian G |       |       |     7 |    12 ||    19
       Summon Lightning  |       |       |     6 |    30 ||    36
       Shadow Creatures  |       |       |       |     5 ||     5
Evoke: Wand              |       |       |     1 |     7 ||     8
  Use: Scroll            |     5 |     6 |     5 |    15 ||    31
       Potion            |       |     2 |     3 |     5 ||    10
 Stab: Sleeping          |    13 |     7 |     8 |    15 ||    43
       Distracted        |     1 |     3 |     4 |    11 ||    19
  Eat: Chunk             |     5 |     7 |    24 |       ||    36
       Fruit             |       |       |     4 |     5 ||     9
       Beef jerky        |       |       |     3 |     2 ||     5
       Pizza             |       |       |     2 |     1 ||     3
       Bread ration      |       |       |       |     4 ||     4
       Royal jelly       |       |       |       |     1 ||     1
Armor: Skin              |    14 |     5 |    98 |    57 ||   174
Dodge: Dodged            |    62 |    32 |   201 |   294 ||   589
Block: Buckler           |     2 |    16 |   184 |   193 ||   395
